 Dungeon Crawl Stone Soup version bcrawl-1.41.1 (webtiles) character file.

Game seed: 3496335768793629266

376318 Yshiel the Magician (level 10, -3/73 HPs)
             Began as a Gnoll Ice Elementalist on Apr 13, 2024.
             Slain by an unseen horror (4 damage)
             ... on level 7 of the Dungeon on Apr 14, 2024.
             The game lasted 00:43:43 (5153 turns).

Yshiel the Magician (Gnoll Ice Elementalist)        Turns: 5153, Time: 00:43:43

Health: -3/73      AC:  8    Str: 11    XL:     10   Next: 2%
Magic:  20/20      EV: 16    Int: 23    God:
Gold:   350        SH:  0    Dex: 17    Spells: 22/23 levels left

rFire    . . .     GDR:     32% y - +5 flail (distort)
rCold    . . .     SeeInvis .   (no shield)
rNeg     . . .     Gourm    +   L - +0 troll leather armour {Purgy}
rPois    .         Faith    .   t - +0 helmet
rElec    .         Spirit   .   E - +0 cloak
rCorr    .         Reflect  .   r - +0 pair of gloves {archery}
MR       .....                  (no boots)
Stlth    +++.......             F - amulet of the gourmand
HPRegen  0.00/turn              j - +4 ring of intelligence
MPRegen  0.17/turn              (no ring)

@: non-regenerating, diseased
A: distributed training, fangs 1, strong nose
a: no special abilities


You were on level 7 of the Dungeon.
You were not hungry.

You visited 1 branch of the dungeon, and saw 8 of its levels.
You also visited: Sewer and Ossuary.

You collected 455 gold pieces.
You spent 105 gold pieces at shops.

Inventory:

Hand Weapons
 d - a +2 short sword of holy wrath
 f - a -3 dagger
 g - a +0 spear of piercing
 h - a +0 dagger
 o - a +0 hunting sling
 y - a +5 flail of distortion (weapon)
 B - a cursed -1 spear
 M - a +1 spear of venom
 P - a +0 morningstar of venom
 R - the +9 dagger of the Nexus {vamp, rElec}
   (You found it on level 7 of the Dungeon)

   It inflicts no extra harm, but heals its wielder when it wounds a living foe.
   It insulates you from electricity.
Missiles
 l - 670 arrows
 m - 764 stones (quivered)
 w - 1107 sling bullets
 x - 121 poisoned needles
 K - a throwing net {=f}
 Q - 33 poisoned tomahawks
Armour
 r - a +0 pair of gloves of archery (worn)
 s - a +2 robe
 t - a +0 helmet (worn)
 C - a +0 leather armour
 E - a +0 cloak (worn)
 H - a +2 ring mail of fire resistance
 L - a +0 troll leather armour (worn) {Purgy}
Jewellery
 j - a +4 ring of intelligence (left hand)
 F - an amulet of the gourmand (around neck)
 T - the ring "Feamang" {Int+2 Stlth--}
   (You found it on level 8 of the Dungeon)

   [ring of attention]

   It affects your intelligence (+2).
   It makes you much less stealthy.
Wands
 b - a wand of disintegration (28)
Scrolls
 c - 6 scrolls of remove curse
 i - 3 scrolls of identify
 q - 3 scrolls of amnesia
 u - a scroll of revelation {unknown}
 v - 2 scrolls of fog
 D - a scroll of enchant armour {unknown}
 J - 3 scrolls of fear
 N - a scroll of immolation {unknown}
 S - 2 scrolls of teleportation
Potions
 a - 2 potions of ambrosia {unknown}
 k - 2 potions of degeneration {unknown}
 n - a potion of flight {unknown}
 p - 3 potions of mutation
 z - 2 potions of magic {unknown}
 A - a potion of haste
 G - 2 potions of agility {unknown}
 O - a potion of curing
Comestibles
 e - 9 rations {!d}


   Skills:
 + Level 4.7 Fighting
 + Level 4.7 Short Blades
 + Level 4.7 Long Blades
 + Level 4.7 Axes
 + Level 4.7 Maces & Flails
 + Level 4.7 Polearms
 + Level 4.7 Staves
 + Level 4.7 Slings
 + Level 4.7 Bows
 + Level 4.7 Crossbows
 + Level 4.7 Throwing
 + Level 4.7 Armour
 + Level 6.6 Dodging
 + Level 6.6 Stealth
 + Level 4.7 Shields
 + Level 4.7 Unarmed Combat
 + Level 7.0 Spellcasting
 + Level 4.5 Conjurations
 + Level 3.9 Hexes
 + Level 3.9 Charms
 + Level 3.9 Summonings
 + Level 3.9 Necromancy
 + Level 3.9 Translocations
 + Level 3.9 Transmutations
 + Level 3.9 Fire Magic
 + Level 6.8 Ice Magic
 + Level 3.9 Air Magic
 + Level 3.9 Earth Magic
 + Level 3.9 Poison Magic
 + Level 5.2 Invocations
 + Level 4.7 Evocations


You had 22 spell levels left.
You knew the following spells:

 Your Spells              Type           Power        Failure   Level  Hunger
a - Freeze                Ice            #####.       1%          1    None

Your spell library contained the following spells:

 Spells                   Type           Power        Failure   Level  Hunger
 Apportation              Tloc           ####..       1%          1    None
 Corona                   Hex            ####...      1%          1    None
 Magic Dart               Conj           ####         1%          1    None
 Necrotize                Necr           ####..       1%          1    None
 Slow                     Hex            ####....     1%          1    None
 Summon Small Mammal      Summ           ####         1%          1    None
 Throw Frost              Conj/Ice       ####..       1%          2    None
 Searing Ray              Conj           ####....     2%          2    None
 Ozocubu's Armour         Chrm/Ice       ####....     3%          3    None
 Iskenderun's Mystic Bla  Conj           ####....     4%          3    None
 Throw Icicle             Conj/Ice       ####....     10%         4    ####...
 Ice Form                 Ice/Tmut       ####....     11%         4    ####...
 Summon Ice Beast         Ice/Summ       ####....     11%         4    ####...
 Fulminant Prism          Conj/Hex       ####......   17%         4    ####...
 Irradiate                Conj/Tmut      ####......   43%         5    #####..


Dungeon Overview and Level Annotations

Branches:
Dungeon (8/12)
 Temple: D:4-7         Lair: D:7-9          Orc: D:8-11

Altars:
Okawaru

Shops:
D:4 %   D:6 *


Innate Abilities, Weirdness & Mutations

Your experience applies equally to all skills.
You have very sharp teeth.
Your uncanny sense of smell can sniff out nearby items.


Message History

The necrophage is almost destroyed.
The necrophage hits you.
* * * LOW HITPOINT WARNING * * *
The necrophage hits you but does no damage.
You thump the necrophage!
You destroy the necrophage!
Something hits you.
* * * LOW HITPOINT WARNING * * *
Deactivating autopickup; reactivate with Ctrl-A.
Something hits you!
* * * LOW HITPOINT WARNING * * *
Your Spellcasting skill increases to level 7!
You have reached level 10!
You start resting.
Something hits you but does no damage. Something hits you but does no damage.
Something hits you.
* * * LOW HITPOINT WARNING * * *
Something hits you.
You die...

#..........##<.###.#.###.##
...........##...##.#.# #.#
............#..#.#+..###.#
....#######.##........##.#
....#######..#.......#.#.#
....#........#.......##...#
....#..........#...†.# #.#.#
.....................# #.##.#
....#.........##@#.#.# #.# #.###
##.##....[.....#.#.#.###.####..##
##.#.........#.#.#...............
#.............)#.#.#.##...#######
........#####....#.#.##...#
........# #.#..#.#.##...# ##
........#####....#.#.##...# #.
.............#...........## #.
#'###........#..##.#.###.# #.


There were no monsters in sight!

Vanquished Creatures
  Grinder (D:4)
  A meliai zombie (D:7)
  Sigmund (D:2)
  2 hungry ghosts (D:7)
  Edmund (D:4)
  Duvessa (D:6)
  A crocodile (D:6)
  An orc warrior (D:6)
  Purgy (Sewer)
  A necrophage (D:7)
  An ogre (D:4)
  2 bullfrogs (D:6)
  A kobold brigand (D:8)
  A gnoll sergeant (D:6)
  Dowan (D:6)
  A scorpion (D:5)
  7 killer bees
  An electric eel (D:7)
  3 wights (D:6)
  5 orc priests
  A crimson imp (D:6)
  3 jellies
  A gnoll shaman (D:4)
  2 hounds
  2 orc wizards
  9 worker ants
  A hound skeleton (D:4)
  2 mummies (Ossuary)
  A worker ant zombie (D:8)
  8 gnolls
  A river rat (D:6)
  4 adders
  A shadow imp (D:5)
  An adder skeleton (D:6)
  An adder zombie (Ossuary)
  2 worms (D:3)
  3 dart slugs
  4 leopard geckos
  16 orcs
  3 bats (D:1)
  5 giant cockroaches
  8 goblins
  5 hobgoblins
  11 jackals
  16 kobolds
  3 quokkas
  A frilled lizard (D:1)
  9 hobgoblin zombies (Ossuary)
  2 jackal zombies (Ossuary)
  8 kobold zombies (Ossuary)
  13 orc zombies (Ossuary)
  3 rats (D:1)
  2 rat zombies (Ossuary)
186 creatures vanquished.

Vanquished Creatures (others)
  A jackal (D:7)
1 creature vanquished.

Grand Total: 187 creatures vanquished

Notes
Turn   | Place    | Note
-------+----------+-------------------------------------------
     0 | D:1      | Yshiel the Gnoll Ice Elementalist began the quest for the
                  | Orb.
     0 | D:1      | Reached XP level 1. HP: 13/13 MP: 6/6
   152 | D:1      | Reached XP level 2. HP: 19/19 MP: 5/7
   373 | D:1      | Reached XP level 3. HP: 25/25 MP: 6/9
   404 | D:2      | Noticed Sigmund
   610 | D:1      | Reached skill level 5 in Spellcasting
   981 | D:2      | Reached skill level 1 in Invocations
  1301 | D:2      | Killed Sigmund
  1302 | D:2      | Reached skill level 1 in Fighting
  1302 | D:2      | Reached skill level 1 in Short Blades
  1302 | D:2      | Reached skill level 1 in Long Blades
  1302 | D:2      | Reached skill level 1 in Axes
  1302 | D:2      | Reached skill level 1 in Maces & Flails
  1302 | D:2      | Reached skill level 1 in Polearms
  1302 | D:2      | Reached skill level 1 in Staves
  1302 | D:2      | Reached skill level 1 in Slings
  1302 | D:2      | Reached skill level 1 in Bows
  1302 | D:2      | Reached skill level 1 in Crossbows
  1302 | D:2      | Reached skill level 1 in Throwing
  1302 | D:2      | Reached skill level 1 in Armour
  1302 | D:2      | Reached skill level 1 in Shields
  1302 | D:2      | Reached skill level 1 in Unarmed Combat
  1302 | D:2      | Reached skill level 1 in Hexes
  1302 | D:2      | Reached skill level 1 in Charms
  1302 | D:2      | Reached skill level 1 in Summonings
  1302 | D:2      | Reached skill level 1 in Necromancy
  1302 | D:2      | Reached skill level 1 in Translocations
  1302 | D:2      | Reached skill level 1 in Transmutations
  1302 | D:2      | Reached skill level 1 in Fire Magic
  1302 | D:2      | Reached skill level 1 in Air Magic
  1302 | D:2      | Reached skill level 1 in Earth Magic
  1302 | D:2      | Reached skill level 1 in Poison Magic
  1302 | D:2      | Reached skill level 1 in Evocations
  1302 | D:2      | Reached XP level 4. HP: 28/32 MP: 8/11
  1302 | D:2      | Reached XP level 5. HP: 32/37 MP: 8/12
  1609 | D:3      | Reached XP level 6. HP: 44/44 MP: 11/13
  1651 | D:4      | Found Ceros's Food Boutique.
  1716 | D:4      | Noticed Grinder
  1737 | D:4      | Paralysed by Grinder for 2 turns
  1795 | D:4      | Reached skill level 5 in Dodging
  1795 | D:4      | Reached skill level 5 in Stealth
  1852 | D:4      | Noticed Edmund
  1863 | D:4      | Killed Edmund
  1864 | D:4      | Reached XP level 7. HP: 26/50 MP: 10/15
  1981 | D:4      | Found a sand-covered staircase.
  1995 | Ossuary  | Entered an ossuary
  2408 | D:4      | Identified Casting for Absolute Beginners
  2408 | D:4      | Paralysed by Grinder for 3 turns
  2419 | D:4      | Paralysed by Grinder for 4 turns
  2423 | D:4      | Killed Grinder
  2504 | D:4      | Reached XP level 8. HP: 49/57 MP: 16/16
  2532 | D:4      | HP: 1/57 [poisoned by a worker ant]
  2681 | D:5      | Entered Level 5 of the Dungeon
  2871 | D:6      | Paralysed by fainting for 9 turns
  2976 | D:6      | Reached skill level 6 in Spellcasting
  3151 | D:6      | Found a glowing drain.
  3157 | Sewer    | Entered a sewer
  3211 | Sewer    | Noticed Purgy
  3249 | Sewer    | Killed Purgy
  3314 | D:6      | Noticed Dowan
  3316 | D:6      | Noticed Duvessa
  3332 | D:6      | Killed Dowan
  3344 | D:6      | Reached XP level 9. HP: 5/65 MP: 18/18
  3367 | D:6      | Found Peugosu's General Store.
  3402 | D:6      | Bought a scroll of enchant weapon for 105 gold pieces
  3435 | D:6      | Killed Duvessa
  4543 | D:7      | Found an iron altar of Okawaru.
  4719 | D:7      | Got a twisted dagger
  4728 | D:7      | Identified the +9 dagger of the Nexus {vamp, rElec} (You
                  | found it on level 7 of the Dungeon)
  4943 | D:8      | Got a brightly glowing bronze ring
  4944 | D:8      | Identified the ring "Feamang" {Int+2 Stlth--} (You found it
                  | on level 8 of the Dungeon)
  4959 | D:8      | Reached skill level 5 in Invocations
  5149 | D:7      | Reached skill level 7 in Spellcasting
  5149 | D:7      | Reached XP level 10. HP: 5/73 MP: 20/20
  5152 | D:7      | HP: 1/73 [something (4)]
  5153 | D:7      | Slain by an unseen horror

Skill      XL: |  1  2  3  4  5  6  7  8  9 |
---------------+----------------------------+-----
Conjurations   | 2 3 4 |  4.5
Spellcasting   | 5 6 7 |  7.0
Invocations    | 1 2 3 4 5 |  5.2
Fighting       | 1 2 3 4 |  4.7
Short Blades   | 1 2 3 4 |  4.7
Long Blades    | 1 2 3 4 |  4.7
Axes           | 1 2 3 4 |  4.7
Maces & Flails | 1 2 3 4 |  4.7
Polearms       | 1 2 3 4 |  4.7
Staves         | 1 2 3 4 |  4.7
Slings         | 1 2 3 4 |  4.7
Bows           | 1 2 3 4 |  4.7
Crossbows      | 1 2 3 4 |  4.7
Throwing       | 1 2 3 4 |  4.7
Armour         | 1 2 3 4 |  4.7
Shields        | 1 2 3 4 |  4.7
Unarmed Combat | 1 2 3 4 |  4.7
Hexes          | 1 2 3 |  3.9
Charms         | 1 2 3 |  3.9
Summonings     | 1 2 3 |  3.9
Necromancy     | 1 2 3 |  3.9
Translocations | 1 2 3 |  3.9
Transmutations | 1 2 3 |  3.9
Fire Magic     | 1 2 3 |  3.9
Air Magic      | 1 2 3 |  3.9
Earth Magic    | 1 2 3 |  3.9
Poison Magic   | 1 2 3 |  3.9
Evocations     | 1 2 3 4 |  4.7
Dodging        | 5 6 |  6.6
Stealth        | 5 6 |  6.6
Ice Magic      | 6 |  6.8

Action                   |  1- 3 |  4- 6 |  7- 9 | 10-12 || total
-------------------------+-------+-------+-------+-------++-------
Melee: Unarmed           |    13 |       |       |       ||    13
       Dagger            |    40 |     2 |       |       ||    42
       Bite              |     5 |       |    32 |       ||    37
       Flail             |       |       |   371 |       ||   371
       Punch             |       |       |     6 |       ||     6
 Fire: Hunting sling     |       |    20 |       |       ||    20
 Cast: Freeze            |    43 |    45 |    16 |       ||   104
Evoke: Wand              |     1 |       |       |       ||     1
  Use: Scroll            |     3 |     4 |     6 |       ||    13
       Potion            |       |       |     3 |       ||     3
 Stab: Sleeping          |     1 |       |     7 |       ||     8
       Distracted        |       |       |     2 |       ||     2
  Eat: Chunk             |     3 |     3 |    24 |       ||    30
       Ration            |       |       |     2 |       ||     2
Armor: Robe              |     5 |     3 |    55 |       ||    63
       Troll leather arm |       |       |    80 |     2 ||    82
Dodge: Dodged            |    52 |    20 |   425 |       ||   497
